 Dungeon Crawl Stone Soup version 0.32-a0-921-g04a7ad8e02 (webtiles) character file.

Game seed: 14700701815421437839

143189 wilfster70 the Warrior (level 16, -6/216 HPs)
             Began as a Minotaur Berserker on Apr 11, 2024.
             Was a High Priest of Trog.
             Mangled by wilfster70's illusion (illusionary) (33 damage)
             ... woven by Mara
             ... on level 3 of the Swamp.
             The game lasted 00:55:48 (23749 turns).

wilfster70 the Warrior (Minotaur Berserker)        Turns: 23749, Time: 00:55:48

Health: -6/216     AC: 19    Str: 29    XL:     16   Next: 82%
Magic:  15/15      EV: 14    Int:  1    God:    Trog [*****.]
Gold:   3067       SH: 21    Dex: 14    Spells: 15/15 levels left

rFire   + . .        a - +9 war axe
rCold   + . .        h - +0 tower shield
rNeg    . . .        L - +5 acid dragon scales of the Iron Devil {Rampage +Inv Will+ rCorr}
rPois   +            A - +3 crown of Dyrovepreva {rElec Int+2 SInv}
rElec   +            n - scarf "Caodod" {repulsion, -Cast rPois Dex+3}
rCorr   +            (no gloves)
SInv    +            J - +1 pair of boots {Fly}
Will    ++++.        W - amulet of reflection Stlth
                     B - ring "Xaor" {rPois rF+ rC+ Int-5}
HPRegen 1.56/turn    y - +4 ring of slaying
MPRegen 0.14/turn

%: no spellcasting, repel missiles, reflection, rampage
@: berserking (expiring), strong-willed, flying, regenerating, very quick
A: horns 2, retaliatory headbutt, frail 1
a: Renounce Religion, Evoke Invisibility, Berserk, Trog's Hand, Brothers in Arms


You were on level 3 of the Swamp.
You worshipped Trog.
Trog was extremely pleased with you.
You visited 4 branches of the dungeon, and saw 25 of its levels.
You visited the Abyss 1 time.
You also visited: Bailey and Gauntlet.

You collected 3183 gold pieces.
You spent 116 gold pieces at shops.

Inventory:

Hand Weapons
 a - a +9 war axe (weapon)
 b - a +3 broad axe of flaming
Missiles
 m - 3 curare-tipped darts
 C - 2 throwing nets (quivered)
 H - 32 boomerangs
Armour
 h - a +0 tower shield (worn)
 n - the scarf "Caodod" (worn) {repulsion, -Cast rPois Dex+3}
   (You found it on level 5 of the Dungeon)

   Dex+3:     It affects your dexterity (+3).
   rPois:     It protects you from poison.
   -Cast:     It prevents spellcasting.
 A - the +3 crown of Dyrovepreva (worn) {rElec Int+2 SInv}
   (You found it on level 8 of the Dungeon)

   Int+2:     It affects your intelligence (+2).
   rElec:     It insulates you from electricity.
   SInv:      It lets you see invisible.
 J - a +1 pair of boots of flying (worn)
 L - the +5 acid dragon scales of the Iron Devil (worn) {Rampage +Inv Will+ rCorr}
   (You found it on level 3 of the Lair of Beasts)

   Will+:     It increases your willpower.
   +Inv:      It lets you turn invisible.
   rCorr:     It protects you from acid and corrosion.
   Rampage:   It bestows one free step when moving towards enemies.
Jewellery
 y - a +4 ring of slaying (right hand)
 B - the ring "Xaor" (left hand) {rPois rF+ rC+ Int-5}
   (You found it on level 8 of the Dungeon)

   [ring of protection from cold]

   Int-5:     It affects your intelligence (-5).
   rF+:       It protects you from fire.
   rC+:       It protects you from cold.
   rPois:     It protects you from poison.
 G - an amulet of the acrobat
 M - a +5 ring of evasion
 U - the ring of Surprise {rC- rN++ Str+2 Int+6 Stlth+}
   (You took it off a minotaur in a Gauntlet)

   [ring of intelligence]

   Str+2:     It affects your strength (+2).
   Int+6:     It affects your intelligence (+6).
   rC-:       It makes you vulnerable to cold.
   rN++:      It greatly protects you from negative energy.
   Stlth+:    It makes you more stealthy.
 V - a ring of willpower
 W - an amulet of reflection (around neck)
Wands
 c - a wand of charming (10)
 e - a wand of mindburst (10)
 j - a wand of polymorph (19)
 q - a wand of digging (21)
 t - a wand of flame (55)
 F - a wand of acid (11)
 I - a wand of iceblast (32)
Scrolls
 i - 6 scrolls of teleportation
 o - 3 scrolls of immolation
 r - 4 scrolls of identify
 u - 2 scrolls of fog
 x - 4 scrolls of poison
 P - 2 scrolls of revelation
 Q - 3 scrolls of fear
 T - 2 scrolls of blinking
Potions
 d - a potion of haste
 f - a potion of magic
 g - 10 potions of curing
 k - 2 potions of berserk rage
 l - 2 potions of cancellation
 p - 2 potions of invisibility
 s - 3 potions of attraction
 v - 3 potions of resistance
 w - 2 potions of ambrosia
 z - 2 potions of lignification
 D - 5 potions of might
 K - 4 potions of enlightenment
 S - 2 potions of mutation
Miscellaneous
 E - a condenser vane
 O - a phantom mirror
 R - a sack of spiders


   Skills:
 + Level 19.3 Fighting
 - Level 18.0 Axes
 - Level 12.0 Throwing
 - Level 11.0 Armour
 - Level 10.0 Dodging
 * Level 11.2 Shields
 - Level 10.0 Evocations


You had 15 spell levels left.
You didn't know any spells.
Your spell library was empty.

Dungeon Overview and Level Annotations

Branches:
Dungeon (15/15)            Temple (0/1) D:4            Lair (5/5) D:10
  Swamp (3/4) Lair:3       Spider (0/4) Lair:2        Slime (0/5) Lair:5
    Orc (2/2) D:10            Elf (0/3) Orc:2        Vaults (0/5) D:14
 Bailey (visited)         Gauntlet (visited)
 Depths: D:15

Altars:
Elyvilon
Fedhas
Hepliaklqana
Kikubaaqudgha
Nemelex Xobeh
Okawaru
Ru
Trog
Uskayaw
Zin
Beogh

Shops:
D:1 [   D:9 =*   Orc:2 (:([

Annotations:
D:9 1 transporter
Lair:3 2 transporters, Xeniriji's ghost, adept MDFi
Swamp:3 Mara


Innate Abilities, Weirdness & Mutations

You have a pair of horns on your head.
You reflexively headbutt those who attack you in melee.
You are frail. (-10% HP)


Message History

You headbutt wilfster70's illusion, but do no damage.
Wilfster70's illusion is severely wounded.
You slice wilfster70's illusion!!
You headbutt wilfster70's illusion, but do no damage.
Wilfster70's illusion is almost dead.
Wilfster70's illusion is engulfed in spectral mist.
Wilfster70's illusion dies!
Wilfster70's illusion shimmers and vanishes!
You slice the ghost crab!! You headbutt the ghost crab!
The ghost crab is almost destroyed.
Mara gestures at you.
There is a horrible, sudden wrenching feeling in your soul!
You slice the ghost crab!!
You feel the power of Trog in you as your rage grows.
You destroy the ghost crab!
Trog accepts your kill.
Okay, then.
You are engulfed in spectral mist.
You slash Mara! You headbutt Mara.
Mara is severely wounded.
You are engulfed in spectral mist.
* * * LOW HITPOINT WARNING * * *
Mara blinks!
You rampage towards wilfster70's illusion!
You miss wilfster70's illusion.
Your headbutt misses wilfster70's illusion.
You block wilfster70's illusion's attack.
You slash wilfster70's illusion!
Wilfster70's illusion is lightly wounded.
Wilfster70's illusion closely misses you.
You furiously retaliate!
You headbutt wilfster70's illusion!! You slice wilfster70's illusion!!
You headbutt wilfster70's illusion, but do no damage.
Wilfster70's illusion is moderately wounded.
Wilfster70's illusion hits you!!!
* * * LOW HITPOINT WARNING * * *
You slash wilfster70's illusion!
Wilfster70's illusion is moderately wounded.
Wilfster70's illusion hits you!!
You die...

.~.~.~..♣♣ .♣
.~...§~~.♣♣.♣
..♣♣<..~.~~.♣
%.♣♣♣♣~~~~~.♣♣♣ ..♣
♣♣.^♣.♣.~♣ ~♣♣
♣♣.♣..♣~♣ ♣♣♣ ~♣♣
♣..♣♣..♣♣♣♣♣.♣
.♣♣.♣♣.♣♣♣♣♣..♣♣.♣♣
♣♣ ♣.~♣♣.♣♣.♣♣.♣@♣
♣
♣.♣♣..♣..♣♣♣♣.@..♣
♣ ♣ ♣.§♣.♣.♣
♣.♣♣.R~. ♣
♣~♣♣♣♣.♣.♣ .♣♣
♣♣..§. ♣ ♣. ♣~♣♣..~
... . .♣♣ ♣♣. .. ♣.
.♣ ~ ♣ . . ♣ ♣ ♣♣


You could see Mara and wilfster70's illusion (berserk).

Vanquished Creatures
  An ancient lich (Abyss:3)
  Nikola (Swamp:1)
  Rupert (D:15)
  A tentacled monstrosity (Swamp:1)
  Jorgrun (D:12)
  An Executioner (Abyss:3)
  Gastronok (Lair:3)
  Roxanne (Swamp:3)
  2 daevas (Abyss:3)
  A cacodemon (Abyss:3)
  An orc warlord (Orc:1)
  2 eleionomae (Swamp:3)
  Azrael (D:15)
  A bunyip (Swamp:2)
  A minotaur (Gauntlet)
  Snorg (D:13)
  Josephine (Lair:3)
  The ghost of Ulysun the Cleaver, a journeyman HOBe of Trog (Orc:1)
  6 hydras
  Erolcha (D:9)
  3 ghost crabs
  2 vault guards (D:14)
  2 centaur warriors
  3 ogre magi
  3 catoblepae (Lair:5)
  15 two-headed ogres
  4 alligators
  2 boulder beetles
  16 death yaks
  6 tengu warriors
  Nergalle (Lair:3)
  An occultist (D:15)
  A hell knight (D:15)
  3 skysharks
  A skeletal warrior (D:9)
  9 spriggans
  2 salamander mystics (D:15)
  2 deep trolls (Orc:2)
  An arcanist (D:14)
  2 goliath frogs
  An obsidian bat (Orc:2)
  A bog body (Swamp:1)
  2 necromancers (D:14)
  Pikel (D:5)
  An orc knight (D:15)
  4 orc sorcerers
  5 manticores
  A deep elf pyromancer (D:15)
  20 ugly things
  10 cyclopes
  8 elephants
  2 kobold blastminers (Orc:1)
  7 black mambas
  6 large abominations
  An ice statue (Lair:3)
  2 salamanders (D:15)
  2 black mambas (shapeshifter)
  13 cane toads
  A torpor snail (Lair:5)
  2 gargoyles
  A minotaur zombie (Gauntlet)
  A kobold demonologist (D:10)
  An efreet (D:8)
  7 komodo dragons
  2 rime drakes
  2 tengu conjurers (Gauntlet)
  9 hornets
  A raiju (Gauntlet)
  10 trolls
  Grinder (D:3)
  6 tyrant leeches
  The ghost of DEFE the Chopper, an amateur CoFi (D:4)
  3 polar bears
  11 blink frogs
  Prince Ribbit (D:5)
  A slime creature (D:10)
  A spriggan (shapeshifter) (D:10)
  2 shadows (D:12)
  5 wraiths (Lair:3)
  A vampire (D:12)
  Sigmund (D:5)
  8 wyverns
  55 yaks
  Grum (D:9)
  3 fire elementals (D:15)
  20 humans (D:14)
  6 basilisks
  4 steam dragons
  A warg (Orc:1)
  The ghost of kae the Changeling, an amateur DsSh (D:4)
  6 vampire mosquitoes
  9 swamp worms
  An acid dragon (D:10)
  2 hell hounds (D:15)
  21 water moccasins
  3 swamp drakes
  A black bear (shapeshifter) (D:13)
  29 orc warriors
  An ice beast (D:6)
  2 sky beasts (D:7)
  21 ogres
  19 wolves
  8 centaurs
  2 lemures (D:5)
  16 bullfrogs
  A kobold brigand (D:10)
  2 gnoll sergeants
  3 small abominations (Gauntlet)
  3 scorpions
  9 wights
  3 killer bees (D:9)
  2 electric eels (D:8)
  8 howler monkeys
  A crimson imp (D:5)
  2 bombardier beetles
  A hound (D:6)
  5 jellies (Lair:5)
  15 orc priests
  2 gnoll boudas (D:4)
  A sleepcap (D:8)
  Crazy Yiuf (D:3)
  5 iguanas
  15 orc wizards
  11 hell rats
  Natasha (thrice) (D:3)
  20 gnolls
  8 adders
  A shadow imp (D:5)
  4 white imps
  2 ufetubi (D:7)
  A dart slug (D:2)
  2 ribbon worms
  68 orcs
  6 ball pythons
  2 bats
  4 endoplasms
  4 giant cockroaches
  14 goblins
  7 hobgoblins
  4 jackals (D:2)
  3 quokkas
  5 frilled lizards
  21 kobolds
  4 rats
777 creatures vanquished.

Vanquished Creatures (others)
  A deep elf pyromancer (D:9)
  2 bloated husks
3 creatures vanquished.

Grand Total: 780 creatures vanquished

Notes
Turn   | Place    | Note
-------+----------+-------------------------------------------
     0 | D:1      | wilfster70 the Minotaur Berserker began the quest for the
                  | Orb.
     0 | D:1      | Reached XP level 1. HP: 19/19 MP: 0/0
   257 | D:1      | Found Mishoec's Armour Emporium.
   336 | D:1      | Reached XP level 2. HP: 26/27 MP: 1/1
   650 | D:1      | Bought a +0 cloak for 58 gold pieces
   673 | D:2      | Found a sacrificial altar of Ru.
   709 | D:2      | Reached skill level 4 in Fighting
   927 | D:2      | Reached XP level 3. HP: 33/33 MP: 2/2
  1322 | D:2      | Reached ** piety under Trog
  1382 | D:2      | Reached skill level 5 in Axes
  1382 | D:2      | Reached skill level 1 in Shields
  1671 | D:1      | Bought a +0 pair of boots for 58 gold pieces
  1792 | D:3      | Reached XP level 4. HP: 41/41 MP: 3/3
  1905 | D:3      | Reached XP level 5. HP: 47/47 MP: 4/4
  1985 | D:3      | Noticed Grinder
  2003 | D:3      | Killed Grinder
  2004 | D:3      | Reached skill level 5 in Fighting
  2004 | D:3      | Reached XP level 6. HP: 56/56 MP: 5/5
  2044 | D:3      | Noticed Natasha
  2055 | D:3      | Killed Natasha
  2099 | D:3      | Identified the +4 flail "Biopyulost" {freeze, Int+3}
  2286 | D:3      | Found a bloodstained altar of Trog.
  2381 | D:3      | Found a runed translucent door.
  2382 | D:3      | Noticed Crazy Yiuf
  2389 | D:3      | Killed Crazy Yiuf
  2455 | D:3      | Noticed Natasha
  2459 | D:3      | Killed Natasha
  2470 | D:3      | Noticed Natasha
  2481 | D:3      | Killed Natasha
  2516 | D:4      | Found a staircase to the Ecumenical Temple.
  2590 | D:4      | Reached XP level 7. HP: 62/62 MP: 6/6
  2637 | D:4      | Reached *** piety under Trog
  2639 | D:4      | Reached skill level 6 in Fighting
  2661 | D:5      | Entered Level 5 of the Dungeon
  2909 | D:4      | Found a hide-covered altar of Uskayaw.
  3086 | D:4      | Found a runed translucent gate.
  3086 | D:4      | Found a runed translucent gate.
  3087 | D:4      | Found a runed translucent gate.
  3088 | D:4      | Noticed kae's ghost (amateur DsSh)
  3088 | D:4      | Noticed DEFE's ghost (amateur CoFi)
  3458 | D:4      | Killed kae's ghost
  3461 | D:4      | Killed DEFE's ghost
  3462 | D:4      | Reached skill level 5 in Shields
  3462 | D:4      | Reached XP level 8. HP: 71/71 MP: 7/7
  3580 | D:5      | Noticed Sigmund
  3592 | D:5      | Killed Sigmund
  3593 | D:5      | Reached skill level 7 in Fighting
  3928 | D:5      | Noticed Pikel
  3933 | D:5      | Reached skill level 10 in Axes
  3943 | D:5      | Killed Pikel
  4037 | D:5      | Reached XP level 9. HP: 62/79 MP: 8/8
  4093 | D:5      | Identified the scarf "Caodod" {repulsion, -Cast rPois
                  | Dex+3}
  4160 | D:5      | Noticed Prince Ribbit
  4163 | D:5      | Killed Prince Ribbit
  5509 | D:7      | Reached **** piety under Trog
  5520 | D:7      | Found an ancient bone altar of Kikubaaqudgha.
  5527 | D:7      | Found a glowing silver altar of Zin.
  5560 | D:7      | Reached skill level 5 in Armour
  6152 | D:8      | Reached XP level 10. HP: 86/86 MP: 9/9
  6197 | D:8      | Found the +3 crown of Dyrovepreva {rElec Int+2 SInv}
  6442 | D:8      | Noticed an entropy weaver
  6443 | D:8      | an entropy weaver changed into a cane toad
  6443 | D:8      | Noticed a cane toad (shapeshifter)
  6450 | D:8      | a cane toad changed into a troll
  6453 | D:8      | a troll changed into a black mamba
  6453 | D:8      | Noticed a black mamba (shapeshifter)
  6461 | D:8      | Killed a black mamba
  6554 | D:8      | Noticed a cyclops
  6598 | D:8      | Found a white marble altar of Elyvilon.
  6745 | D:8      | Killed a cyclops
  6991 | D:8      | Reached skill level 15 in Axes
  7271 | D:8      | Identified the ring "Xaor" {rPois rF+ rC+ Int-5}
  7352 | D:9      | Noticed Grum
  7362 | D:9      | Killed Grum
  7464 | D:9      | Noticed Erolcha
  7475 | D:9      | Killed Erolcha
  7476 | D:9      | Reached XP level 11. HP: 78/92 MP: 10/10
  7542 | D:9      | Found Siysm's Jewellery Shoppe.
  7750 | D:9      | Found Giemo's General Store.
  7756 | D:9      | Found a sparkling altar of Nemelex Xobeh.
  7756 | D:9      | Found a transporter.
  7757 | D:9      | Noticed a deep elf pyromancer
  7853 | D:9      | Found a blossoming altar of Fedhas.
  7973 | D:10     | Entered Level 10 of the Dungeon
  7977 | D:10     | Reached skill level 1 in Evocations
  7978 | D:10     | Found a flagged portal.
  7991 | Bailey   | Entered a bailey
  8371 | D:10     | Found a staircase to the Lair.
  8447 | D:10     | Found a staircase to the Orcish Mines.
  8488 | D:10     | Noticed a skeletal warrior
  8488 | D:10     | Noticed a fire crab
  8489 | D:10     | Noticed a deep elf pyromancer
  8490 | D:10     | Noticed a tengu warrior
  8557 | D:9      | Killed a skeletal warrior
  8674 | D:9      | Killed a deep elf pyromancer
  8674 | D:9      | Reached ***** piety under Trog
  8675 | D:9      | Reached skill level 10 in Armour
  8712 | D:9      | Killed a tengu warrior
  8802 | D:10     | Reached skill level 5 in Evocations
  9101 | D:10     | Found an iron altar of Okawaru.
  9221 | Lair:1   | Entered Level 1 of the Lair of Beasts
  9777 | Lair:1   | Reached XP level 12. HP: 90/100 MP: 11/11
 10206 | Lair:2   | Found a gate leading to a gauntlet.
 10219 | Gauntlet | Entered a Gauntlet
 10219 | Gauntlet | Found a transporter.
 10219 | Gauntlet | Found a transporter.
 10219 | Gauntlet | Found a transporter.
 10220 | Gauntlet | Found a transporter.
 10221 | Gauntlet | Found a transporter.
 10224 | Gauntlet | Found a transporter.
 10232 | Gauntlet | Found a transporter.
 10232 | Gauntlet | Found a transporter.
 10259 | Gauntlet | Noticed a tengu warrior
 10305 | Gauntlet | Found a transporter.
 10316 | Gauntlet | Reached skill level 5 in Dodging
 10318 | Gauntlet | Killed a tengu warrior
 10368 | Gauntlet | Found a transporter.
 10530 | Gauntlet | Found a transporter.
 10540 | Gauntlet | Identified the ring of Surprise {rC- rN++ Str+2 Int+6
                  | Stlth+}
 10540 | Gauntlet | Noticed a minotaur
 10547 | Gauntlet | Killed a minotaur
 10663 | Lair:2   | Identified the +6 hand axe "Wareun" {flame, rElec rC++
                  | Dex-4}
 11054 | Lair:2   | Found a hole to the Spider Nest.
 11226 | Lair:3   | Noticed Josephine
 11240 | Lair:3   | Killed Josephine
 11241 | Lair:3   | Reached skill level 10 in Dodging
 11393 | Lair:3   | Reached XP level 13. HP: 105/105 MP: 12/12
 11399 | Lair:3   | Found a staircase to the Swamp.
 11596 | Lair:3   | Received a gift from Trog
 11625 | Lair:3   | Noticed Nergalle
 11635 | Lair:3   | Killed Nergalle
 11636 | Lair:3   | Reached skill level 10 in Evocations
 11678 | Lair:3   | Noticed Gastronok
 11697 | Lair:3   | Killed Gastronok
 11698 | Lair:3   | Reached skill level 8 in Fighting
 11850 | Lair:3   | Found a transporter.
 11853 | Lair:3   | Noticed Xeniriji's ghost (adept MDFi)
 11875 | Lair:3   | Found a transporter.
 12080 | Lair:3   | Reached skill level 9 in Fighting
 12089 | Lair:3   | Identified the +5 acid dragon scales of the Iron Devil
                  | {Rampage +Inv Will+ rCorr}
 12401 | Lair:4   | Reached skill level 10 in Fighting
 12597 | Lair:4   | Reached skill level 1 in Throwing
 13256 | Lair:5   | Entered Level 5 of the Lair of Beasts
 13279 | Lair:5   | Reached skill level 5 in Throwing
 13322 | Lair:5   | Reached skill level 11 in Fighting
 13322 | Lair:5   | Received a gift from Trog
 13470 | Lair:5   | Reached XP level 14. HP: 74/124 MP: 13/13
 13671 | Lair:5   | Found a staircase to the Slime Pits.
 13745 | Lair:5   | Reached skill level 12 in Fighting
 14622 | Lair:5   | Reached skill level 10 in Throwing
 14624 | Lair:5   | Reached skill level 13 in Fighting
 15104 | Orc:1    | Entered Level 1 of the Orcish Mines
 15181 | Orc:1    | Received a gift from Trog
 15195 | Orc:1    | Found a roughly hewn altar of Beogh.
 15196 | Orc:1    | Found a runed translucent door.
 15204 | Orc:1    | Noticed Ulysun's ghost (journeyman HOBe)
 15218 | Orc:1    | Killed Ulysun's ghost
 15381 | Orc:1    | Noticed an orc warlord
 15406 | Orc:1    | Killed an orc warlord
 15663 | Orc:2    | Entered Level 2 of the Orcish Mines
 15671 | Orc:2    | Found a staircase to the Elven Halls.
 15815 | Orc:2    | Found a roughly hewn altar of Beogh.
 16058 | Orc:2    | Received a gift from Trog
 16061 | Orc:2    | Reached XP level 15. HP: 137/137 MP: 14/14
 16068 | Orc:2    | Reached skill level 14 in Fighting
 16362 | Orc:2    | Found Zacen's Book Emporium.
 16370 | Orc:2    | Found Zucsir's Antique Weapon Shoppe.
 16371 | Orc:2    | Found Aliofej's Weapon Boutique.
 16381 | Orc:2    | Found Forr's Armour Shoppe.
 16841 | D:11     | Identified the +3 leather armour of Bitterness {rC++ Int-5}
 17422 | D:12     | Reached skill level 15 in Fighting
 17514 | D:12     | Noticed Jorgrun
 17525 | D:12     | Killed Jorgrun
 17823 | D:13     | Found a hazy altar of Hepliaklqana.
 17826 | D:13     | Identified the +0 plate armour of Watacw {Regen+ Str+2}
 18017 | D:13     | Noticed Snorg
 18028 | D:13     | Killed Snorg
 18029 | D:13     | Reached skill level 16 in Fighting
 18855 | D:14     | You are sucked into a shaft and drop 1 floor!
 18855 | D:15     | Entered Level 15 of the Dungeon
 18908 | D:15     | Noticed Azrael
 18959 | D:15     | Reached ****** piety under Trog
 19068 | D:15     | Killed Azrael
 19381 | D:15     | Received a gift from Trog
 19414 | D:15     | Noticed Rupert
 19421 | D:15     | Paralysed by Rupert for 2 turns
 19430 | D:15     | Killed Rupert
 19431 | D:15     | Reached skill level 17 in Fighting
 19500 | D:15     | Reached XP level 16. HP: 79/155 MP: 15/15
 19750 | Abyss:3  | Cast into level 3 of the Abyss (an occultist)
 19803 | Abyss:3  | Noticed an Executioner
 19814 | Abyss:3  | Killed an Executioner
 19817 | Abyss:3  | Noticed an ancient lich
 19823 | Abyss:3  | Gained mutation: You are frail. (-10% HP) [a neqoxec]
 19835 | Abyss:3  | Killed an ancient lich
 20022 | Abyss:3  | Noticed a hellephant
 20039 | Abyss:3  | Found a corrupted altar of Lugonu.
 20069 | Abyss:3  | HP: 5/211 [daeva/+5 long sword of holy wrath (11)]
 20072 | Abyss:3  | Reached skill level 18 in Fighting
 20098 | D:15     | Escaped the Abyss
 20657 | D:14     | Found a gate to the Vaults.
 20792 | D:14     | Identified the +5 quarterstaff of Ru's Castigation {flame,
                  | rF+ rC+ Int+2}
 21533 | Swamp:1  | Entered Level 1 of the Swamp
 21701 | Swamp:1  | Received a gift from Trog
 21881 | Swamp:1  | Reached skill level 19 in Fighting
 22067 | Swamp:1  | Identified the +7 dagger "Orb Guardian's Peril" {elec,
                  | Str+7 Dex-3}
 22086 | Swamp:1  | Noticed a tentacled monstrosity
 22108 | Swamp:1  | Killed a tentacled monstrosity
 22327 | Swamp:1  | Noticed Nikola
 22339 | Swamp:1  | Killed Nikola
 22340 | Swamp:1  | Reached skill level 10 in Shields
 23268 | Swamp:3  | Noticed Roxanne
 23612 | Swamp:3  | Killed Roxanne
 23697 | Swamp:3  | Noticed Mara
 23716 | Swamp:3  | Noticed wilfster70's illusion
 23743 | Swamp:3  | Noticed wilfster70's illusion
 23749 | Swamp:3  | Mangled by wilfster70's illusion (illusionary)

Illustrated notes

Levels and vault maps discovered:
D:1:      wheals_arrival_shading, layout_loops_cross, serial_shops, shop
D:2:      layout_loops_ring, basic_altar
D:3:      layout_rooms, mainiacjoe_overflow_chevrons,
          kennysheep_generic_room_15, uniq_grinder, uniq_crazy_yiuf_cottage,
          uniq_natasha
D:4:      layout_cave_pools, lemuel_tele_altar,
          minmay_temple_entry_glassed_door, gammafunk_ghost_cemetery,
          kennysheep_cluttered_room, minmay_fire_ice_demons
D:5:      layout_gridville, hangedman_decor_growths, st_stairs_6, uniq_sigmund,
          uniq_pikel, uniq_prince_ribbit1
D:6:      layout_basic, serial_aquarium, aquarium_bridge_square
          [aquarium_subvault_bridge, aquarium_subvault_bridge,
          aquarium_subvault_window, aquarium_subvault_bridge],
          aquarium_bridge_straight [aquarium_subvault_bridge,
          aquarium_subvault_balcony, aquarium_subvault_bridge,
          aquarium_subvault_wall], aquarium_window_fake,
          aquarium_window_corridor_2, aquarium_view_2f, aquarium_view_2b,
          aquarium_balcony_double_3
D:7:      layout_loops_corners, mainiacjoe_overflow_big_doors
D:8:      layout_basic, nicolae_elyvilon_temple_path, minmay_diamond_spiral
D:9:      layout_basic, grunt_nemelex_the_gamble, fedhas_altar_fruit_tree,
          serial_shops, shop, minmay_shop_enchanted_jewellery, uniq_erolcha,
          uniq_grum
D:10:     minmay_the_grid_triangle_9x9_recursive_2_mashed
          [minmay_the_grid_triangle_9x9_prize_insulated,
          minmay_the_grid_triangle_9x9_empty,
          minmay_the_grid_triangle_9x9_sprig,
          minmay_the_grid_triangle_9x9_minimal], layout_rooms,
          okawaru_metal_pillars_1_2, dpeg_oklobed_lair, enter_bailey_5
D:11:     layout_irregular_city
D:12:     layout_basic, kennysheep_generic_room_14, uniq_jorgrun
D:13:     layout_irregular_city, nicolae_hepliaklqana_hazy_memory, uniq_snorg
D:14:     layout_grid_maze, grunt_vaults_entry_tiered,
          hangedman_abyss_or_decor_clamps
D:15:     regret_index_pyroclastic, layout_irregular_city,
          nicolae_triple_integral, kiku_gazebo_garden_becter, uniq_rupert,
          uniq_azrael
Lair:1:   layout_chaotic_city
Lair:2:   layout_chaotic_city, dummy_spider_entry, gauntlet_entry_generic
Lair:3:   statuecave_lemuel, layout_gridlike, minmay_swamp_entry_worms,
          gammafunk_ghost_arena, serial_rivers, chequers_serial_rivers_large_a,
          chequers_serial_rivers_small_a, chequers_serial_rivers_micro_c,
          chequers_serial_rivers_small_3, infiniplex_staircase_pool_2,
          uniq_gastronok, uniq_josephine, uniq_nergalle
Lair:4:   layout_cave_pods
Lair:5:   evilmike_catoblepas_cave, layout_long_grid,
          nicolae_slime_entry_field_trip, eino_small_chamber_without_monster
Swamp:1:  cheibrodos_swamp_monstrosity, layout_basic_swamp,
          hangedman_swamp_blocks, uniq_nikola
Swamp:2:  layout_basic_swamp, nicolae_swamp_some_circles, swamp_pool_4
Swamp:3:  layout_falls_marsh, nicolae_swamp_very_dense_foliage, swamp_pool_5,
          uniq_roxanne, uniq_mara
Orc:1:    layout_diamond_mine, ebering_ghost_reflecting_pool, basic_altar
Orc:2:    st_orc_open, layout_caves, minmay_orc_temple_a

Skill      XL: |  1  2  3  4  5  6  7  8  9 10 11 12 13 14 15 16 |
---------------+-------------------------------------------------+-----
Axes           | 4 5 6 7 9 11 13 16 17 18 | 18.0
Fighting       | 4 5 6 7 11 13 17 19 | 19.3
Shields        | 1 2 3 5 7 11 | 11.2
Armour         | 5 8 11 | 11.0
Evocations     | 6 9 10 | 10.0
Dodging        | 4 10 | 10.0
Throwing       | 6 11 12 | 12.0

Action                     |  1- 3 |  4- 6 |  7- 9 | 10-12 | 13-15 | 16-18 || total
---------------------------+-------+-------+-------+-------+-------+-------++-------
  Melee: Hand axe          |   100 |    74 |    38 |       |    15 |       ||   227
         Headbutt          |    15 |    12 |    46 |    92 |   223 |    87 ||   475
         War axe           |       |       |   208 |   478 |   825 |   349 ||  1860
         Broad axe         |       |       |       |       |     9 |     4 ||    13
 Invoke: Berserk           |     4 |     5 |     5 |     8 |     3 |     3 ||    28
         Trog's Hand       |       |     1 |     2 |     3 |       |     4 ||    10
  Evoke: Wand              |       |       |       |     7 |       |     1 ||     8
         Sack of spiders   |       |       |       |       |       |     1 ||     1
         Condenser vane    |       |       |       |       |       |     1 ||     1
    Use: Scroll            |       |     2 |    12 |    16 |     4 |     2 ||    36
         Potion            |       |       |     1 |       |       |     1 ||     2
   Stab: Petrified         |       |       |       |       |     6 |       ||     6
 Armour: Chain mail        |    75 |    42 |   149 |   154 |       |       ||   420
         Leather armour    |     2 |       |       |       |       |       ||     2
         Plate armour      |       |       |       |    80 |    29 |       ||   109
         Acid dragon scale |       |       |       |       |   345 |   201 ||   546
  Dodge: Dodged            |    32 |    14 |    52 |   106 |   219 |    75 ||   498
         Repelled          |       |       |     2 |    25 |    12 |    14 ||    53
  Block: Tower shield      |    45 |    40 |   210 |   439 |   849 |   284 ||  1867
         Reflection        |       |       |       |     3 |    33 |    13 ||    49

Table legend: (Time is in decaauts)
 A = Elapsed time spent in this place.
 B = Non-inter-level travel time spent in this place.
 C = Inter-level travel time spent in this place.
 D = Time resting spent in this place.
 E = Time spent auto-exploring this place.
 F = Levels seen in this place.
 G = Mean time per level.
                   A        B        C        D        E       F      G
               +--------+--------+--------+--------+--------+-----+--------+
         Total |  23974 |  22795 |   1179 |   5670 |   8853 |  28 |  856.2 |
       Dungeon |  13833 |  13066 |    767 |   2970 |   5671 |  15 |  922.2 |
          Lair |   5350 |   5062 |    288 |   1017 |   2069 |   5 | 1070.0 |
         Swamp |   2187 |   2135 |     52 |    830 |    748 |   3 |  729.0 |
  Orcish Mines |   1498 |   1427 |     71 |    483 |    341 |   2 |  749.0 |
         Abyss |    354 |    354 |      0 |    116 |      0 |   1 |  354.0 |
        Bailey |    323 |    323 |      0 |      0 |     24 |   1 |  323.0 |
      Gauntlet |    427 |    427 |      0 |    253 |      0 |   1 |  427.0 |
               +--------+--------+--------+--------+--------+-----+--------+

Top non-repeatable levels by time:
  Lair:5: 1693 daAuts
    D:14: 1375 daAuts
     D:8: 1318 daAuts
     D:2: 1173 daAuts
 Swamp:1: 1171 daAuts
  Lair:3: 1149 daAuts
    D:13: 995 daAuts
     D:5: 984 daAuts
     D:7: 981 daAuts
  Lair:4: 976 daAuts
    D:15: 969 daAuts
     D:9: 953 daAuts
   Orc:1: 949 daAuts
     D:4: 937 daAuts
  Lair:1: 919 daAuts
